Map: Blackpink LE

Players

Erfeyah

  • Race: Protoss Protoss
  • Spawn Location: 7:00

FAsa - Winner!

  • Race: Zerg Zerg
  • Spawn Location: 1:00

VOD

Have the link to the VOD?

Description

Time

  • Played on: Nov. 21, 2017, 2:19 p.m.
  • Length: 16:07
Show
View Real Time Build Order
Export as new Build Order

Erfeyah Protoss 

Build Orders:  

Get SALT Encoding   

  12  0:11  Probe (Chrono Boost)  
  14  0:24  Probe (Chrono Boost)  
  14  0:26  Probe  
  15  0:29  Pylon  
  15  0:54  Assimilator  
  15  1:03  Forge  
  15  1:10  Probe (Chrono Boost)  
  17  1:22  Probe (Chrono Boost)  
  17  1:24  Probe  
  18  1:32  Pylon  
  18  1:37  Gateway  
  18  1:40  Gateway  
  18  2:23  Photon Cannon  
  17  3:01  Pylon  
  17  3:04  Pylon  
  17  3:06  Pylon  
  17  3:14  Photon Cannon  
  17  3:17  Photon Cannon  
  17  3:24  Photon Cannon  
  17  3:26  Photon Cannon  
  17  3:28  Photon Cannon  
  17  3:30  Photon Cannon  
  17  3:35  Photon Cannon  
  17  3:36  Photon Cannon  
  17  3:39  Photon Cannon  
  17  3:43  Zealot  
  17  3:44  Zealot  
  21  3:59  Probe (Chrono Boost)  
  23  4:11  Probe (Chrono Boost)  
  23  4:13  Probe  
  24  4:30  Nexus  
  24  4:42  Assimilator  
  24  4:52  Gateway  
  24  4:53  Gateway  
  24  4:59  Gateway  
  24  5:37  Pylon  
  24  5:39  Pylon  
  24  5:41  Pylon  
  24  5:44  Probe, Pylon  
  25  5:55  Pylon  
  25  6:00  Photon Cannon  
  25  6:21  Cybernetics Core  
  25  6:29  Photon Cannon  
  25  6:30  Photon Cannon  
  25  6:31  Probe (Chrono Boost)  
  27  6:44  Probe (Chrono Boost)  
  27  6:46  Probe (Chrono Boost)  
  28  6:53  Probe x2 (Chrono Boost)  
  30  6:57  Zealot x2  
  34  7:05  Probe  
  35  7:22  Gateway  
  35  7:24  Gateway  
  35  7:28  Gateway  
  35  7:34  Probe (Chrono Boost)  
  37  7:46  Probe (Chrono Boost)  
  37  7:48  Probe  
  38  7:52  Stalker x3  
  44  8:01  Probe  
  41  8:24  Stalker x2  
  41  8:25  Stalker x3  
  41  8:43  Stalker x2  
  45  8:54  Stalker  
  45  9:09  Photon Cannon  
  37  9:11  Photon Cannon  
  31  9:54  Stalker  
  33  10:06  Warp Gate  
  33  10:24  Stalker  
  35  10:31  Pylon  
  35  10:33  Pylon  
  34  10:54  Stalker  
  36  11:13  Stalker  
  38  11:18  Stalker x2  
  38  11:24  Stalker  
  44  11:43  Stalker  
  46  11:52  Photon Cannon  
  46  11:53  Photon Cannon  
  46  11:54  Stalker  
  46  12:13  Stalker  
  48  12:28  Photon Cannon  
  48  12:31  Photon Cannon  
  48  12:35  Photon Cannon  
  48  12:43  Stalker  
  50  13:09  Pylon  
  50  13:11  Pylon  
  50  13:13  Stalker  
  50  13:14  Pylon  
  52  13:31  Photon Cannon  
  52  13:35  Photon Cannon  
  52  14:19  Nexus  
Show
View Real Time Build Order
Export as new Build Order

FAsa Zerg - Winner!

Build Orders: Hatch First 

Get SALT Encoding   

  12  0:04  Drone  
  13  0:09  Drone  
  14  0:17  Overlord  
  14  0:36  Extractor  
  14  0:39  Drone  
  14  0:57  Overlord  
  14  1:00  Hatchery  
  13  1:08  Drone  
  14  1:24  Spawning Pool  
  13  1:33  Drone  
  13  1:34  Drone  
  15  1:43  Extractor  
  14  2:13  Drone  
  15  2:36  Zergling x2  
  17  2:37  Zergling x4  
  17  2:41  Drone  
  18  2:44  Queen  
  18  2:48  Zergling x2  
  21  2:53  Overlord  
  21  2:56  Queen  
  23  3:01  Zergling x2  
  24  3:16  Drone x2  
  26  3:20  Zergling x2  
  27  3:38  Zergling x4  
  27  3:39  Overlord  
  25  4:06  Zergling x2  
  25  4:07  Zergling x6, Roach Warren  
  28  4:15  Zergling x4  
  28  4:16  Zergling x4  
  32  4:17  Overlord  
  32  4:20  Zergling x2  
  33  4:33  Drone x2  
  33  4:34  Drone  
  36  4:39  Drone  
  36  4:43  Drone  
  38  4:57  Lair  
  38  5:06  Roach  
  40  5:07  Roach  
  42  5:16  Roach  
  42  5:18  Roach  
  46  5:24  Metabolic Boost  
  46  5:34  Evolution Chamber  
  45  5:36  Drone  
  45  5:41  Overlord  
  46  5:47  Zergling x2  
  47  5:50  Zergling x2  
  47  5:56  Drone  
  47  5:57  Drone  
  50  5:59  Drone  
  50  6:02  Drone  
  52  6:10  Glial Reconstitution  
  52  6:17  Drone  
  53  6:19  Drone  
  53  6:23  Overlord  
  54  6:34  Roach x2  
  54  6:35  Roach  
  54  6:39  Roach  
  62  6:42  Roach  
  62  6:46  Roach  
  66  7:00  Zerg Missile Weapons Level 1  
  66  7:09  Overlord  
  66  7:13  Zergling x2  
  66  7:14  Drone  
  68  7:16  Drone  
  69  7:25  Hydralisk Den  
  69  7:28  Drone, Tunneling Claws  
  69  7:46  Roach  
  69  7:47  Roach x2  
  77  7:51  Roach x3  
  81  8:01  Zergling x2  
  62  8:44  Roach  
  62  8:45  Roach x4  
  72  8:54  Zerg Melee Weapons Level 1  
  72  8:56  Roach x2  
  72  8:57  Roach x3  
  66  10:00  Zergling x2  
  66  10:01  Zergling x4  
  66  10:05  Zergling x6  
  72  10:24  Overlord  
  72  10:29  Overlord  
  72  10:33  Roach  
  72  10:34  Roach  
  76  10:39  Muscular Augments  
  76  10:48  Zerg Ground Armor Level 1  
  61  11:18  Roach x5  
  61  11:21  Roach x3  
  59  11:39  Hydralisk x2  
  61  11:42  Hydralisk  
  57  12:12  Hydralisk  
  57  12:13  Hydralisk x2  
  61  12:15  Hydralisk  
  61  12:16  Hydralisk x2  
  67  12:35  Hatchery  
  66  12:40  Overlord  
  66  12:42  Zerg Missile Weapons Level 2  
  66  12:43  Hydralisk  
  68  12:57  Pneumatized Carapace  
  68  13:00  Zergling x6  
  71  13:07  Hydralisk  
  71  13:08  Hydralisk x4  
  81  13:50  Spire  
  81  13:51  Roach x2  
  81  13:53  Zergling x2  
  85  13:58  Extractor  
  85  14:02  Drone  
  85  14:03  Drone  
  85  14:05  Queen  
  85  14:09  Drone  
  89  14:25  Hydralisk x3  
  95  14:39  Roach x4  
  95  14:40  Roach  
  104  14:49  Drone x3  
  104  14:57  Extractor  
Tags
 
Add a new tag
Caveats
  • Supply blocks, unpowered buildings, or Contaminate may cause inaccurate times.
  • Supply counts are checked every 10 seconds.